 Dungeon Crawl Stone Soup version 0.29.1-12-g30fa7ad0bf (webtiles) character file.

Game seed: 12966165965380729419

2357 ThatPearl the Cleaver (level 9, -4/82 HPs)
             Began as a Minotaur Monk on Jan 7, 2023.
             Was a Believer of the Shining One.
             Slain by a vault guard
             ... wielding a +0 broad axe
              (12 damage)
             ... in a bailey.
             The game lasted 00:15:25 (6610 turns).

ThatPearl the Cleaver (Minotaur Monk)               Turns: 6610, Time: 00:15:26

Health: -4/82      AC:  9    Str: 19    XL:     9   Next: 20%
Magic:  11/11      EV: 11    Int:  7    God:    the Shining One [**....]
Gold:   296        SH:  0    Dex: 14    Spells: 8/8 levels left

rFire   . . .      SeeInvis .   o - +1 hand axe (freeze)
rCold   . . .      Faith    .   (no shield)
rNeg    + . .      Spirit   .   t - +0 scale mail
rPois   .          Reflect  .   (helmet restricted)
rElec   .          Harm     .   (no cloak)
rCorr   .          Rampage  .   (no gloves)
Will    .....                   h - +0 pair of boots
Stlth   ..........              (no amulet)
HPRegen 0.23/turn               (no ring)
MPRegen 0.12/turn               (no ring)

@: confused, divinely shielded, ambrosia-drunk, glowing, very slow
A: horns 2, retaliatory headbutt
a: Renounce Religion, Divine Shield


You were in a bailey.
You worshipped the Shining One.
The Shining One was pleased with you.
You visited 2 branches of the dungeon, and saw 8 of its levels.
You also visited: Bailey.

You collected 296 gold pieces.

Inventory:

Hand Weapons
 a - a +0 hand axe
 o - a +1 hand axe of freezing (weapon)
 u - a +0 war axe
 x - a +0 battleaxe
 B - a +0 whip of electrocution
Missiles
 b - 22 poisoned darts (quivered)
 y - 5 javelins
Armour
 h - a +0 pair of boots (worn)
 t - a +0 scale mail (worn)
 A - a +1 chain mail of willpower
Jewellery
 E - a ring of fire
Wands
 s - a wand of iceblast (11)
 D - a wand of flame (25)
Scrolls
 d - a scroll of summoning {unknown}
 e - 2 scrolls of noise {unknown}
 f - 2 scrolls of torment {unknown}
 g - a scroll of poison {unknown}
 i - 5 scrolls of teleportation
 j - 2 scrolls of amnesia {unknown}
 l - 2 scrolls of blinking {unknown}
 m - 4 scrolls of vulnerability {unknown}
 p - a scroll of enchant weapon {unknown}
 w - 2 scrolls of fear {unknown}
 F - 2 scrolls of identify
 H - a scroll of enchant armour {unknown}
Potions
 k - a potion of resistance {unknown}
 n - 4 potions of brilliance
 q - 2 potions of attraction
 r - 3 potions of flight {unknown}
 z - 2 potions of curing {unknown}
 C - a potion of berserk rage {unknown}
 G - 2 potions of mutation {unknown}


   Skills:
 + Level 8.6 Fighting
 + Level 8.7 Axes
 + Level 7.2 Armour
 - Level 4.1 Dodging
 - Level 1.5 Stealth
 + Level 4.6 Invocations


You had 8 spell levels left.
You didn't know any spells.
Your spell library contained the following spells:

 Spells                   Type           Power      Damage    Failure   Level
 Scorch                   Fire           0%         2d5       88%         2
 Ignite Poison            Fire/Tmut/Pois 0%         N/A       98%         3
 Mephitic Cloud           Conj/Pois/Air  0%         N/A       98%         3
 Flame Wave               Conj/Fire      0%         2d4       100%        4
 Freezing Cloud           Conj/Ice/Air   0%         6-21      100%        5
 Summon Cactus Giant      Summ           0%         N/A       100%        6


Dungeon Overview and Level Annotations

Branches:
Dungeon (8/15)             Temple (1/1) D:4          Bailey (1/1)
   Lair: D:8-11

Altars:
Cheibriados
Elyvilon
Fedhas
Gozag
Hepliaklqana
Kikubaaqudgha
Makhleb
Okawaru
Qazlal
Ru
Sif Muna
Trog
Uskayaw
Vehumet
Wu Jian
Yredelemnul
The Shining One


Innate Abilities, Weirdness & Mutations

You have a pair of horns on your head.
You reflexively headbutt those who attack you in melee.


Message History

You furiously retaliate!
You headbutt the bullfrog! The vault guard closely misses you.
You hit the vault guard but do no damage.
You headbutt the vault guard.
The vault guard is moderately wounded.
You hit the bullfrog.
The bullfrog seems to slow down.
You freeze the bullfrog. The bullfrog barely misses you.
The vault guard hits you but does no damage.
You hit the vault guard but do no damage.
The vault guard is moderately wounded.
You hit the bullfrog. You freeze the bullfrog.
You kill the bullfrog!
You barely miss the vault guard. You headbutt the vault guard!
The vault guard is heavily wounded.
You block the vault guard's attack.
You hit the vault guard but do no damage.
The vault guard is heavily wounded.
The vault guard hits you with a +0 broad axe.
You barely miss the vault guard. You headbutt the vault guard.
The vault guard is heavily wounded.
The vault guard hits you with a +0 broad axe.
* * * LOW HITPOINT WARNING * * *
You barely miss the vault guard.
The vault guard is heavily wounded.
The vault guard hits you with a +0 broad axe.
* * * LOW HITPOINT WARNING * * *
You are confused.
You feel invigorated.
The vault guard hits you with a +0 broad axe!
* * * LOW HITPOINT WARNING * * *
You enter the shallow water.
Moving in this stuff is going to be slow.
The vault guard hits you with a +0 broad axe!
* * * LOW HITPOINT WARNING * * *
You see here the human corpse of Prince Ribbit.
A bullfrog comes into view.
The vault guard hits you with a +0 broad axe!!
The Shining One protects you from harm!
The vault guard hits you with a +0 broad axe!
You die...

## ##~.≈ #~~.≈ ~~~.≈#
#~..~≈### #########
#..~~F≈####≈≈#....##
.#....~~≈≈≈≈~~#.....##
.'....~.@†~~..'..#...#
#..~....p)...#..#...#
#..~..~~†~≈≈≈#..##..#
#~~.~....~≈#######...#
≈~~~~~~~~~≈##.......#####
#≈~~~~~~~~~≈#.....)##...#
##≈≈~~~~~≈≈##+#....'..∩..
###≈≈≈≈≈### ######))...
####### ##~~~'..∩..


You could see a vault guard and a bullfrog (wandering).

Vanquished Creatures
  Prince Ribbit (Bailey)
  A human (Bailey)
  A water moccasin (D:8)
  A black bear (D:7)
  A sky beast (D:8)
  A centaur (D:7)
  4 kobold brigands
  6 bullfrogs (Bailey)
  A scorpion (D:7)
  A necrophage (D:4)
  3 killer bees (D:7)
  5 howler monkeys (D:7)
  A jelly (D:4)
  3 orc priests
  A hound (D:7)
  2 orc wizards
  14 gnolls
  4 adders
  3 white imps (D:7)
  An ufetubus (D:4)
  22 orcs
  8 ball pythons
  8 endoplasms
  5 giant cockroaches
  9 goblins
  13 hobgoblins
  44 kobolds
  4 quokkas
  9 bats
  5 frilled lizards
  3 rats (D:1)
185 creatures vanquished.

Vanquished Creatures (others)
  37 fungi (D:8)
  39 plants (D:8)
76 creatures vanquished.

Grand Total: 261 creatures vanquished

Notes
Turn   | Place    | Note
-------+----------+-------------------------------------------
     0 | D:1      | ThatPearl the Minotaur Monk began the quest for the Orb.
     0 | D:1      | Reached XP level 1. HP: 19/19 MP: 0/0
    40 | D:1      | Reached XP level 2. HP: 8/27 MP: 1/1
   435 | D:1      | Found a large runed translucent door.
   435 | D:1      | Found a large runed translucent door.
   643 | D:1      | Reached XP level 3. HP: 33/33 MP: 2/2
  1215 | D:2      | Reached XP level 4. HP: 41/41 MP: 3/3
  1637 | D:2      | Found a faded altar of an unknown god.
  1767 | D:2      | Found an ornate altar of the Wu Jian Council.
  2109 | D:3      | Reached skill level 1 in Armour
  2196 | D:3      | Noticed a kobold brigand
  2220 | D:3      | Killed a kobold brigand
  2221 | D:3      | Reached skill level 5 in Fighting
  2221 | D:3      | Reached skill level 5 in Axes
  2221 | D:3      | Reached XP level 5. HP: 29/48 MP: 4/4
  2504 | D:3      | Reached XP level 6. HP: 52/56 MP: 5/5
  3848 | D:4      | Reached XP level 7. HP: 53/63 MP: 6/6
  4236 | D:4      | Found a staircase to the Ecumenical Temple.
  4245 | Temple   | Entered the Ecumenical Temple
  4490 | Temple   | Became a worshipper of the Shining One
  4490 | Temple   | Reached * piety under the Shining One
  4490 | Temple   | Reached ** piety under the Shining One
  4803 | D:5      | Entered Level 5 of the Dungeon
  4885 | D:5      | Found an iron altar of Okawaru.
  5140 | D:5      | Reached skill level 1 in Invocations
  5232 | D:5      | You fall into a shaft and drop 3 floors!
  5359 | D:8      | Reached skill level 5 in Armour
  5596 | D:7      | Reached XP level 8. HP: 65/73 MP: 8/8
  5934 | D:7      | Found a flagged portal.
  5943 | Bailey   | Entered a bailey
  6260 | Bailey   | Reached XP level 9. HP: 18/82 MP: 8/11
  6581 | Bailey   | Noticed Prince Ribbit
  6583 | Bailey   | Noticed a vault guard
  6600 | Bailey   | Killed Prince Ribbit
  6609 | Bailey   | HP: 1/82 [vault guard/+0 broad axe (14)]
  6610 | Bailey   | The Shining One protects you from harm!
  6610 | Bailey   | Slain by a vault guard

Illustrated notes

Levels and vault maps discovered:
D:1:      erik_arrival_cave_to_civilisation [erik_arrival_cave_to_temple],
          layout_rooms
D:2:      layout_basic, shapermc_ecumenical_altar_mp_ritualfount, basic_altar,
          kennysheep_decorative_pillar, kennysheep_cross_bottleneck
D:3:      minmay_goblin_kobold_castle, layout_basic
D:4:      layout_rooms, lemuel_temple_firewalk_b, roderic_cross_of_infinity
D:5:      cheibrodos_thug_alley, layout_cave_pods, okawaru_gym_becter
D:7:      layout_loops_ring, mainiacjoe_overflow_alcove_3, enter_bailey_4,
          minmay_checkerbox
D:8:      layout_basic, due_lair_maze_entry_diamond
Temple:   compressed_dpeg_triangle_lava_temple
Bailey:   bailey_axe_froggy_fort_hellmonk, bailey

Skill      XL: |  1  2  3  4  5  6  7  8  9 |
---------------+----------------------------+-----
Axes           | 4 5 6 7 8 |  8.7
Fighting       | 4 5 6 7 8 |  8.6
Dodging        | 4 |  4.1
Armour         | 2 4 5 6 7 |  7.2
Invocations    | 2 4 |  4.6
Stealth        | |  1.5

Action                   |  1- 3 |  4- 6 |  7- 9 || total
-------------------------+-------+-------+-------++-------
Melee: Hand axe          |    86 |   169 |   211 ||   466
       Headbutt          |    14 |    19 |    38 ||    71
       Punch             |     1 |     3 |       ||     4
Throw: Dart              |     2 |       |       ||     2
Invok: Divine Shield     |       |       |     2 ||     2
Evoke: Wand              |       |       |     2 ||     2
  Use: Potion            |       |     3 |     3 ||     6
       Scroll            |       |     4 |       ||     4
 Stab: Sleeping          |     1 |       |       ||     1
Armor: Robe              |     5 |       |       ||     5
       Ring mail         |    25 |       |       ||    25
       Scale mail        |       |    62 |    64 ||   126
       Skin              |       |    51 |    26 ||    77
Dodge: Dodged            |    74 |   101 |    84 ||   259
Block: Other             |       |       |     5 ||     5
